 Dungeon Crawl Stone Soup version 0.27.1-2-g3b301248ec (webtiles) character file.

Game seed: 6766414391201682327

58 StoopidFlanders the Twirler (level 4, 0/35 HPs)
             Began as a Formicid Fighter on Sept 23, 2021.
             Slain by a gnoll (6 damage)
             ... on level 2 of the Dungeon.
             The game lasted 00:01:33 (1056 turns).

StoopidFlanders the Twirler (Formicid Fighter)      Turns: 1056, Time: 00:01:34

Health: 0/35       AC:  6    Str: 21    XL:     4   Next: 20%
Magic:  4/4        EV: 23    Int:  8    God:
Gold:   86         SH:  9    Dex: 10    Spells: 3/3 levels left

rFire    . . .     SeeInvis +   a - +0 quarterstaff
rCold    . . .     Faith    .   c - +0 kite shield
rNeg     . . .     Spirit   .   b - +0 scale mail
rPois    .         Reflect  .   (helmet unavailable)
rElec    .         Harm     .   (no cloak)
rCorr    .         Rampage  .   (no gloves)
Will     .....                  (no boots)
Stlth    ..........             g - amulet of the acrobat
HPRegen  0.11/turn              (no ring)
MPRegen  0.09/turn              (no ring)

@: acrobatic
A: permanent stasis, dig shafts and tunnels, antennae 3, four strong arms
a: Dig, Shaft Self


You were on level 2 of the Dungeon.
You visited 1 branch of the dungeon, and saw 2 of its levels.

You collected 86 gold pieces.

Inventory:

Hand Weapons
 a - a +0 quarterstaff (weapon)
Armour
 b - a +0 scale mail (worn)
 c - a +0 kite shield (worn)
Jewellery
 g - an amulet of the acrobat (around neck)
Scrolls
 f - a scroll of amnesia {unknown}
 h - a scroll of vulnerability {unknown}
Potions
 d - a potion of might
 e - a potion of heal wounds {unknown}


   Skills:
 - Level 3.2 Fighting
 * Level 4.1 Staves
 - Level 3.2 Armour
 - Level 3.6 Shields


You had 3 spell levels left.
You didn't know any spells.
Your spell library contained the following spells:

 Spells                   Type           Power      Damage    Failure   Level
 Sting                    Tmut/Pois      0%         1d3       98%         1
 Poisonous Vapours        Pois/Air       0%         N/A       99%         2
 Olgreb's Toxic Radiance  Pois           0%         N/A       100%        4


Dungeon Overview and Level Annotations

Branches:
Dungeon (2/15)

Altars:


Innate Abilities, Weirdness & Mutations

You cannot be hasted, slowed, berserked, paralysed or teleported.
You can dig through walls and to a lower floor.
You have a pair of large antennae on your head. (SInv)
Your four strong arms can wield two-handed weapons with a shield.


Message History

The gnoll is almost dead.
The gnoll hits you but does no damage. You block the gnoll's attack.
You closely miss the gnoll.
The gnoll is almost dead.
You block the gnoll's attack. The gnoll hits you with a +0 whip.
You block the gnoll's attack.
The gnoll hits you from afar with a +0 spear.
You are too injured to fight recklessly!
You hit the gnoll but do no damage.
The gnoll is almost dead.
You block the gnoll's attack. The gnoll hits you but does no damage.
You thump the gnoll!
You kill the gnoll!
The gnoll hits you from afar with a +0 spear.
You block the gnoll's attack. The gnoll barely misses you.
Things that are here:
a +0 whip; a gnoll corpse You barely miss the gnoll.
The gnoll is moderately wounded.
The gnoll hits you but does no damage. The gnoll closely misses you.
You block the gnoll's attack. The gnoll hits you with a +0 spear.
You hit the gnoll.
The gnoll is heavily wounded.
The gnoll closely misses you. You block the gnoll's attack.
You hit the gnoll.
The gnoll is severely wounded.
You block the gnoll's attack. x2
You hit the gnoll.
The gnoll is severely wounded.
The gnoll barely misses you. The gnoll hits you with a +0 spear.
You block the gnoll's attack.
You hit the gnoll but do no damage.
The gnoll is severely wounded.
You block the gnoll's attack.
The gnoll hits you from afar with a +0 spear.
* * * LOW HITPOINT WARNING * * *
The gnoll hits you with a +0 spear.
* * * LOW HITPOINT WARNING * * *
The gnoll hits you from afar with a +0 spear.
You die...

...####### .........#
.........## ...........
.........##
#########....†.## #.....#
######...
##.######.....########...
..>.wgg)@.....'......'...
#########.....########...
#.....# #... #.....# #...
####### #... #... ####


You could see 2 gnolls and a dart slug.

Vanquished Creatures
  A gnoll (D:2)
  An adder (D:2)
  A worm (D:2)
  4 endoplasms
  A hobgoblin (D:2)
  13 jackals
  4 ball pythons
  2 bats
  2 frilled lizards
  2 kobolds
  3 rats
34 creatures vanquished.

Notes
Turn   | Place    | Note
-------+----------+-------------------------------------------
     0 | D:1      | StoopidFlanders the Formicid Fighter began the quest for
                  | the Orb.
     0 | D:1      | Reached XP level 1. HP: 18/18 MP: 1/1
    92 | D:1      | Reached XP level 2. HP: 24/24 MP: 2/2
   231 | D:1      | Found a faded altar of an unknown god.
   268 | D:1      | Reached skill level 3 in Staves
   603 | D:2      | Reached XP level 3. HP: 22/29 MP: 3/3
   914 | D:2      | Reached skill level 4 in Staves
   914 | D:2      | Reached XP level 4. HP: 28/35 MP: 4/4
  1056 | D:2      | Slain by a gnoll

Illustrated notes

Levels and vault maps discovered:
D:1:      onia_arrival_mini_spirals, layout_rooms,
          hellmonk_ecumenical_altar_heavens_door
D:2:      layout_basic

Skill      XL: |  1  2  3 |
---------------+----------+-----
Staves         | 3 4 |  4.1
Fighting       | |  3.2
Armour         | |  3.2
Shields        | |  3.6

Action                   |  1- 3 |  4- 6 || total
-------------------------+-------+-------++-------
Melee: Quarterstaff      |   101 |    15 ||   116
Armor: Scale mail        |    50 |     6 ||    56
Dodge: Dodged            |    50 |     5 ||    55
Block: Kite shield       |    71 |    16 ||    87
